 Dungeon Crawl Stone Soup version 0.17-a0-1718-g72dbe4d (webtiles) character file.

100 KambridgeKobold the Skirmisher (level 4, -6/37 HPs)
             Began as a Demonspawn Berserker on Aug 25, 2015.
             Was a Believer of Trog.
             Mangled by a scorpion (9 damage)
             ... on level 4 of the Dungeon.
             The game lasted 00:09:31 (2720 turns).

KambridgeKobold the Skirmisher (DsBe)               Turns: 2720, Time: 00:09:31

Health: -6/37      AC:  3    Str: 17    XL:     4   Next: 46%
Magic:  4/4        EV: 18    Int:  9    God:    Trog [**....]
Gold:   148        SH:  0    Dex: 18    Spells: 0 memorised, 3 levels left

rFire  . . .     SeeInvis .     a - +0 mace
rCold  . . .     Clarity  .     g - +0 leather armour
rNeg   . . .     SustAt   .     (no shield)
rPois  .         Gourm    .     (no helmet)
rElec  .         Spirit   .     (no cloak)
rCorr  .         Warding  .     (no gloves)
rMut   .         Stasis   .     (no boots)
MR     .....                    (no amulet)
Stlth  ++........               (no ring)
                                (no ring)

@: agile, lethally poisoned (-6 -> -24), not resistant to hostile enchantments,
unstealthy
A: foul stench 1, powered by death 1, rot immunity
a: Burn Spellbooks, Berserk, Trog's Hand, Renounce Religion


You were on level 4 of the Dungeon.
You worshipped Trog.
Trog was pleased with you.
You were not hungry.

You visited 1 branch of the dungeon, and saw 4 of its levels.

You collected 148 gold pieces.

Inventory:

Hand weapons
 a - a +0 mace (weapon)
 b - a +0 hand axe
Missiles
 h - 56 stones (quivered)
Armour
 g - a +0 leather armour (worn)
Scrolls
 d - 2 scrolls of remove curse {unknown}
 f - 2 scrolls of blinking {unknown}
 i - 5 scrolls of identify {unknown}
 o - a scroll of teleportation {unknown}
 p - 2 scrolls of noise {unknown}
Potions
 k - a potion of haste {unknown}
 m - a potion of magic {unknown}
 n - a potion of curing {unknown}
Comestibles
 c - 5 bread rations


   Skills:
 + Level 3.8 Fighting
 * Level 3.8 Maces & Flails
 - Level 1.7 Armour
 + Level 2.5 Dodging


You had 3 spell levels left.
You didn't know any spells.

Dungeon Overview and Level Annotations

Branches:
Dungeon (4/15)
 Temple: D:4-7

Altars:
Gozag
Sif Muna
Vehumet


Innate Abilities, Weirdness & Mutations

You may emit foul miasma when damaged in melee.
You regenerate a little health from kills.
You are immune to rotting.


Message History

You are too injured to fight recklessly!
You are too injured to fight recklessly!
You hit the scorpion but do no damage.
The scorpion is lightly wounded.
* * * LOW HITPOINT WARNING * * *
You feel very sick. The scorpion barely misses you.
The scorpion closely misses you.
Your leather armour prevents you from hitting the scorpion.
The scorpion is lightly wounded.
* * * LOW HITPOINT WARNING * * *
You feel sick. The scorpion closely misses you.
You closely miss the scorpion.
The scorpion is lightly wounded.
* * * LOW HITPOINT WARNING * * *
You feel sick. The scorpion misses you.
You hit the scorpion but do no damage.
The scorpion is lightly wounded.
* * * LOW HITPOINT WARNING * * *
You feel sick. The scorpion stings you!
You die...

#._..8.....#
#####..........#
.............#(
######..._...#
...# ##....### #
##.# #<#..#
#####.# #..#
#...[# #...#.#
#.########.#
#..s..# #.#
#...##.#####@#
#.###.#.##.......#
#.....#.##########
#######<# ###


You could see a scorpion.

Vanquished Creatures
  A worker ant (D:4)
  3 adders
  3 worms (D:2)
  A giant gecko (D:2)
  5 bats
  5 giant cockroaches
  4 goblins
  4 hobgoblins
  7 kobolds
  A quokka (D:2)
  A ball python (D:2)
  3 giant newts
  2 jackals (D:3)
  4 rats
44 creatures vanquished.

Notes
Turn   | Place    | Note
--------------------------------------------------------------
     0 | D:1      | KambridgeKobold the Demonspawn Berserker began the quest for the Orb.
     0 | D:1      | Reached XP level 1. HP: 18/18 MP: 1/1
   353 | D:1      | Gained mutation: You are immune to rotting. [demonic ancestry]
   353 | D:1      | Reached XP level 2. HP: 12/24 MP: 2/2
  1249 | D:2      | Gained mutation: You regenerate a little health from kills. [demonic ancestry]
  1249 | D:2      | Reached XP level 3. HP: 29/29 MP: 3/3
  1669 | D:2      | Acquired Trog's second power
  2077 | D:3      | Gained mutation: You may emit foul miasma when damaged in melee. [demonic ancestry]
  2077 | D:3      | Reached XP level 4. HP: 33/37 MP: 4/4
  2672 | D:4      | Found a radiant altar of Vehumet.
  2673 | D:4      | Found an opulent altar of Gozag.
  2674 | D:4      | Found a deep blue altar of Sif Muna.
  2720 | D:4      | Mangled by a scorpion

Vault maps used:
D:1:      dpeg_arrival_court
D:2:      grunt_decor_fettered
D:3:      first_bread
D:4:      grunt_temple_overflow_open, item_on_display_a

Action                   |  1- 3 |  4- 6 || total
-------------------------+-------+-------++-------
Melee: Mace              |   131 |    62 ||   193
  Use: Potion            |       |     2 ||     2
 Stab: Sleeping          |     2 |       ||     2
  Eat: Chunk             |     4 |     2 ||     6
